 Dungeon Crawl Stone Soup version 0.27.0-1-g7a089689b8 (webtiles) character file.

Game seed: 5614250898027409095

172 Lochraine the Shield-Bearer (level 5, -1/43 HPs)
             Began as a Formicid Fighter on Aug 12, 2021.
             Slain by a wyvern skeleton (11 damage)
             ... on level 3 of the Dungeon.
             The game lasted 00:05:19 (2889 turns).

Lochraine the Shield-Bearer (Formicid Fighter)      Turns: 2889, Time: 00:05:20

Health: -1/43      AC:  7    Str: 22    XL:     5   Next: 82%
Magic:  5/5        EV:  8    Int:  7    God:
Gold:   4          SH: 10    Dex: 10    Spells: 4/4 levels left

rFire    . . .     SeeInvis +   a - +0 war axe
rCold    . . .     Faith    .   c - +0 kite shield
rNeg     . . .     Spirit   .   b - +0 scale mail
rPois    .         Reflect  .   (helmet unavailable)
rElec    .         Harm     .   (no cloak)
rCorr    .         Rampage  .   (no gloves)
Will     .....                  (no boots)
Stlth    ..........             (no amulet)
HPRegen  0.14/turn              (no ring)
MPRegen  0.09/turn              (no ring)

@: mighty
A: permanent stasis, dig shafts and tunnels, antennae 3, four strong arms
a: Dig, Shaft Self


You were on level 3 of the Dungeon.
You visited 1 branch of the dungeon, and saw 3 of its levels.

You collected 64 gold pieces.
You spent 60 gold pieces at shops.

Inventory:

Hand Weapons
 a - a +0 war axe (weapon)
Armour
 b - a +0 scale mail (worn)
 c - a +0 kite shield (worn)
Scrolls
 f - a scroll of blinking {unknown}
 g - 2 scrolls of identify {@r1}
 h - a scroll of teleportation {@r4}
 j - a scroll of noise {unknown}
 l - 2 scrolls of enchant armour {unknown}
Potions
 d - a potion of might
 e - 3 potions of heal wounds {unknown}
 i - a potion of brilliance {unknown}
 k - a potion of curing {@q1}
 m - a potion of haste {unknown}


   Skills:
 + Level 4.3 Fighting
 + Level 3.1 Axes
 + Level 4.3 Armour
 + Level 4.8 Shields


You had 4 spell levels left.
You didn't know any spells.
Your spell library contained the following spells:

 Spells                   Type           Power      Damage    Failure   Level
 Corona                   Hex            0%         N/A       96%         1
 Summon Small Mammal      Summ           0%         N/A       96%         1
 Ensorcelled Hibernation  Hex/Ice        0%         N/A       99%         2
 Tukima's Dance           Hex            0%         N/A       100%        3


Dungeon Overview and Level Annotations

Branches:
Dungeon (3/15)

Altars:

Shops:
D:1 *!((   D:2 *(*(!


Innate Abilities, Weirdness & Mutations

You cannot be hasted, slowed, berserked, paralysed or teleported.
You can dig through walls and to a lower floor.
You have a pair of large antennae on your head. (SInv)
Your four strong arms can wield two-handed weapons with a shield.


Message History

There is an open door here. 2 orcs come into view.
The orc shouts! x2; You hear a shout! x2
An orc comes into view. It is wielding a +0 mace.
An orc comes into view. It is wielding a +0 dagger.
A worm comes into view.
The orc moves out of view.
You barely miss the orc. You block the orc's attack.
A wyvern skeleton comes into view.
You slash the orc!
You kill the orc!
You barely miss the orc. You hit the orc but do no damage.
The orc hits you but does no damage. You block the orc's attack.
The orc barely misses you. The orc hits you with a +0 dagger.
You hit the orc. x2; You barely miss the orc.
The orc barely misses you. x2
The orc hits you with a +0 mace.
You closely miss the orc. x3
You hear the drain falling apart.
The orc hits you but does no damage. You block the orc's attack.
The orc barely misses you. The orc closely misses you. x2
You block the orc's attack.
You hit the orc.
You kill the orc!
You hit the orc. x2; The wyvern skeleton closely misses you.
The orc hits you but does no damage. You block the orc's attack.
You slash the orc!
You kill the orc!
You barely miss the orc. You barely miss the wyvern skeleton.
You block the wyvern skeleton's attack. The orc hits you but does no damage.
You block the wyvern skeleton's attack. The orc hits you but does no damage.
You barely miss the orc. You slash the worm! You hit the wyvern skeleton.
You block the wyvern skeleton's attack. You block the orc's attack.
You block the wyvern skeleton's attack. The worm closely misses you.
You hit the worm. You slash the wyvern skeleton! You closely miss the orc.
The wyvern skeleton bites you! The orc barely misses you.
The wyvern skeleton bites you!
* * * LOW HITPOINT WARNING * * *
You block the worm's attack. The orc hits you with a +0 dagger.
* * * LOW HITPOINT WARNING * * *
You are too injured to fight recklessly!
You are too injured to fight recklessly!
There is an open door here.
You feel very mighty all of a sudden. The wyvern skeleton bites you!
* * * LOW HITPOINT WARNING * * *
The wyvern skeleton bites you but does no damage.
You slash the wyvern skeleton!
The walls and floor vibrate strangely for a moment.
The wyvern skeleton bites you!
You die...

####### .####.....# ..........#
..........# #...)...# #...ow.# .
#...{#Z# . ######@# .###.#...##
#....#.#.# #####
#.##...#.########...###### ..
#.#...##.#......'.........
#.######.#.#....#####.##....#####
#......#...#.###.#..#..#....#
.......'###### .#..##..(...###
......#......# .#..##...#.....


You could see a worm and a wyvern skeleton.

Vanquished Creatures
  Natasha (twice) (D:2)
  3 adders
  2 gnolls (D:2)
  A worm (D:2)
  3 dart slugs (D:1)
  4 orcs (D:3)
  4 endoplasms
  4 giant cockroaches (D:2)
  4 goblins
  2 hobgoblins
  8 jackals
  12 kobolds
  5 ball pythons
  2 bats
  6 frilled lizards
  3 rats
65 creatures vanquished.

Vanquished Creatures (others)
  10 plants (D:1)
10 creatures vanquished.

Grand Total: 75 creatures vanquished

Notes
Turn   | Place    | Note
-------+----------+-------------------------------------------
     0 | D:1      | Lochraine the Formicid Fighter began the quest for the Orb.
     0 | D:1      | Reached XP level 1. HP: 18/18 MP: 1/1
   229 | D:1      | Reached XP level 2. HP: 17/24 MP: 2/2
   347 | D:1      | Found Niuschi's Weapon Emporium.
   477 | D:1      | Found Osawinie's Distillery.
   536 | D:1      | Found Azoudokh's Assorted Antiques.
   700 | D:1      | Reached XP level 3. HP: 25/29 MP: 3/3
   974 | D:1      | Found Sabiqin's Antique Weapon Boutique.
  1048 | D:1      | Found a faded altar of an unknown god.
  1059 | D:1      | Got Plato's Grimoire of Summoning
  1404 | D:2      | Noticed Natasha
  1410 | D:2      | Killed Natasha
  1411 | D:2      | Reached XP level 4. HP: 32/37 MP: 4/4
  1728 | D:2      | Noticed Natasha
  1738 | D:2      | Killed Natasha
  1834 | D:2      | Found Heacyd's General Store.
  1839 | D:2      | Reached XP level 5. HP: 42/42 MP: 5/5
  1929 | D:2      | Found Goiggima's Weapon Boutique.
  1960 | D:2      | Found Guhian's Antique Weapon Boutique.
  1983 | D:2      | Found Isust's General Store.
  1991 | D:2      | Bought a scroll of identify for 24 gold pieces
  1991 | D:2      | Bought a potion of curing for 36 gold pieces
  2070 | D:2      | Found Temeud's Distillery.
  2889 | D:3      | Slain by a wyvern skeleton

Illustrated notes

Levels and vault maps discovered:
D:1:      sevenhm_arrival_forest_fort_small_6, layout_basic, serial_shops, shop,
          shop, nicolae_shop_stone, shop, serial_corexii_hall,
          chequers_hall_statues_wall_a, corexii_hall_statues_s,
          corexii_hall_statues_deadend, chequers_hall_statues_y,
          shapermc_ecumenical_altar_rom_forum, lexackson_kobold_supper
D:2:      layout_loops_ring, serial_shops, shop, shop, shop,
          nicolae_shop_waterfront, shop, corexii_leaking_fountain, uniq_natasha
D:3:      layout_basic, mainiacjoe_overflow_swirl, gup_sewer_entry_spiral,
          grunt_ministairs_5

Skill      XL: |  1  2  3  4  5 |
---------------+----------------+-----
Shields        | 4 |  4.8
Fighting       | 4 |  4.3
Armour         | 4 |  4.3
Axes           | 3 |  3.1

Action                   |  1- 3 |  4- 6 || total
-------------------------+-------+-------++-------
Melee: War axe           |   104 |   112 ||   216
  Use: Scroll            |       |     1 ||     1
       Potion            |       |     1 ||     1
Armor: Scale mail        |    42 |    59 ||   101
Dodge: Dodged            |    32 |    44 ||    76
Block: Kite shield       |    65 |    52 ||   117
